 Dungeon Crawl Stone Soup version 0.29.1 (webtiles) character file.

Game seed: 12427646842284415858

604 qw the Cleaver (level 7, -4/88 HPs)
             Began as a Minotaur Berserker on Sept 13, 2022.
             Was a Believer of Trog.
             Slain by an iguana (9 damage)
             ... on level 5 of the Dungeon.
             The game lasted 00:01:14 (4227 turns).

qw the Cleaver (Minotaur Berserker)                 Turns: 4227, Time: 00:01:15

Health: -4/88      AC: 13    Str: 24    XL:     7   Next: 18%
Magic:  6/6        EV:  6    Int:  4    God:    Trog [**....]
Gold:   246        SH:  4    Dex:  9    Spells: 6/6 levels left

rFire   . . .      SeeInvis .   e - +0 hand axe (flame)
rCold   . . .      Faith    .   b - +0 buckler
rNeg    . . .      Spirit   .   c - +1 plate armour
rPois   .          Reflect  .   (helmet restricted)
rElec   .          Harm     .   (no cloak)
rCorr   .          Rampage  .   f - +0 pair of gloves
Will    +....                   (no boots)
Stlth   ..........              (no amulet)
HPRegen 0.24/turn               j - ring of willpower
MPRegen 0.10/turn               (no ring)

@: berserking (expiring), lethally poisoned (-4 -> -9), very quick
A: horns 2, retaliatory headbutt
a: Renounce Religion, Berserk, Trog's Hand


You were on level 5 of the Dungeon.
You worshipped Trog.
Trog was pleased with you.
You visited 1 branch of the dungeon, and saw 5 of its levels.

You collected 246 gold pieces.


Innate Abilities, Weirdness & Mutations

You have a pair of horns on your head.
You reflexively headbutt those who attack you in melee.


   Skills:
 - Level 4.0 Fighting
 + Level 8.8 Axes
 - Level 3.0 Armour
 - Level 2.1 Dodging
 - Level 3.7 Shields


You had 6 spell levels left.
You didn't know any spells.
Your spell library was empty.

Inventory:

Hand Weapons
 e - a +0 hand axe of flaming (weapon)
Armour
 b - a +0 buckler (worn)
 c - a +1 plate armour (worn)
 f - a +0 pair of gloves (worn)
Jewellery
 j - a ring of willpower (left hand)
Scrolls
 i - a scroll of identify
Potions
 a - a potion of flight {unknown}
 d - a potion of curing
 g - a potion of might {unknown}
 h - a potion of mutation {unknown}

Dungeon Overview and Level Annotations

Branches:
Dungeon (5/15)
 Temple: D:4-7

Altars:
Dithmenos
Gozag
Ru
Sif Muna

Shops:
D:3 [


Message History

The scorpion stings you but does no damage.
You block the adder's attack. The scorpion stings you.
You are more poisoned.
The scorpion poisons you!
4220 ||| INVOKING Berserk.
A red film seems to cover your vision as you go berserk!
You feel yourself moving faster!
You feel mighty!
You feel very sick. The adder barely misses you. The scorpion stings you.
You barely miss the scorpion.
The scorpion is almost dead.
You hit the adder. You burn the adder.
You kill the adder!
Trog accepts your kill.
You feel sick.
The scorpion stings you but does no damage.
The centaur hits you.
The centaur kicks you but does no damage.
You slash the scorpion! You burn the scorpion.
You kill the scorpion!
Trog accepts your kill.
You hit the centaur. You burn the centaur.
You feel very sick.
You have reached level 7!
You slash the centaur! You burn the centaur.
You kill the centaur!
Trog accepts your kill.
You feel sick.
You closely miss the iguana. Your headbutt misses the iguana.
You feel sick. The iguana bites you!
You slash the iguana! You burn the iguana.
The iguana is almost dead.
You feel sick.
You hit the iguana but do no damage.
The iguana is almost dead.
You feel sick. The iguana bites you.
You barely miss the iguana. Your headbutt misses the iguana.
The iguana is almost dead.
You feel sick. The iguana bites you!
You die...

##.... ..... ....
#... . #... .
...#... #..
......)########....
#..l@........###
#.######.)......
#.####### #.#.....#
#.#.###.# #.#.# #.#
#.#<# #.# #.#####.#
#.......#


You could see an iguana.

Vanquished Creatures
  Menkaure (D:4)
  A centaur (D:5)
  A scorpion (D:5)
  2 hounds
  Natasha (thrice) (D:2)
  3 orc wizards (D:4)
  A gnoll (D:2)
  6 adders
  2 dart slugs (D:1)
  A worm (D:4)
  10 orcs
  5 ball pythons
  5 bats
  3 endoplasms
  3 giant cockroaches
  3 goblins (D:4)
  9 hobgoblins
  3 jackals (D:4)
  2 quokkas
  4 frilled lizards
  3 kobolds
  4 rats
75 creatures vanquished.

Notes
Turn   | Place    | Note
-------+----------+-------------------------------------------
     0 | D:1      | qw the Minotaur Berserker began the quest for the Orb.
     0 | D:1      | Reached XP level 1. HP: 19/19 MP: 0/0
     0 | D:1      | 0 ||| qw: Version: 0.1-a-119-g272c26d
     0 | D:1      | 0 ||| qw: Game counter: 11153
     0 | D:1      | 0 ||| qw: Always use a shield: true
     0 | D:1      | 0 ||| qw: Do Orc after D:15 true
     0 | D:1      | 0 ||| qw: Do second Lair branch before Depths: true
     0 | D:1      | 0 ||| qw: Lair rune preference: random
     0 | D:1      | 0 ||| qw: Plans: Normal
     0 | D:1      | 0 ||| PLANNING D:1-11
   121 | D:1      | Reached skill level 4 in Axes
   227 | D:1      | Reached XP level 2. HP: 26/26 MP: 1/1
   559 | D:1      | Found a faded altar of an unknown god.
   859 | D:1      | 859 ||| UPGRADING to +0 ring mail.
   869 | D:1      | 869 ||| DROPPING +0 animal skin.
   870 | D:1      | 870 ||| READING 2 scrolls labelled XAWIRGH VUVVEI.
   871 | D:1      | 871 ||| READING 2 scrolls labelled PAEHEPIADI.
   872 | D:1      | 872 ||| READING scroll labelled FAYH YQIFYFU.
   873 | D:1      | 873 ||| READING scroll labelled WIVOCOCK QEMAF.
   874 | D:1      | 874 ||| DRINKING 2 red potions.
   875 | D:1      | 875 ||| DRINKING 2 silvery potions.
   876 | D:1      | 876 ||| DROPPING scroll of vulnerability.
   877 | D:1      | 877 ||| DROPPING potion of magic.
   918 | D:2      | 918 ||| STAIRDANCE
   924 | D:1      | 924 ||| INVOKING Berserk.
   927 | D:1      | Reached skill level 5 in Axes
   930 | D:1      | HP: 5/26 [poisoned by an adder]
  1245 | D:2      | Reached XP level 3. HP: 26/31 MP: 2/2
  1627 | D:2      | 1627 ||| Stepping ~*~*~tactically~*~*~ (stealth).
  1668 | D:2      | Reached ** piety under Trog
  1673 | D:2      | Noticed Natasha
  1674 | D:2      | 1674 ||| Stepping ~*~*~tactically~*~*~ (stealth).
  1675 | D:2      | 1675 ||| Stepping ~*~*~tactically~*~*~ (stealth).
  1676 | D:2      | 1676 ||| INVOKING Berserk.
  1683 | D:2      | Killed Natasha
  1684 | D:2      | Reached skill level 6 in Axes
  1684 | D:2      | Reached XP level 4. HP: 39/39 MP: 3/3
  1734 | D:2      | 1734 ||| DROPPING +0 club.
  1860 | D:2      | Noticed Natasha
  1861 | D:2      | 1861 ||| Stepping ~*~*~tactically~*~*~ (stealth).
  1867 | D:2      | 1867 ||| INVOKING Berserk.
  1868 | D:2      | Killed Natasha
  1888 | D:2      | Noticed Natasha
  1889 | D:2      | 1889 ||| Stepping ~*~*~tactically~*~*~ (stealth).
  1901 | D:2      | Killed Natasha
  1902 | D:2      | Reached skill level 7 in Axes
  1902 | D:2      | Reached XP level 5. HP: 22/45 MP: 4/4
  2108 | D:2      | 2108 ||| READING scroll labelled BYNUNAE AMUJIO.
  2109 | D:2      | 2109 ||| READING 2 scrolls labelled NAFUES ANUST.
  2110 | D:2      | 2110 ||| READING scroll labelled HEONEL YSCHAGG.
  2111 | D:2      | 2111 ||| DRINKING 2 bubbling cyan potions.
  2112 | D:2      | 2112 ||| DROPPING potion of brilliance.
  2113 | D:2      | 2113 ||| DROPPING scroll of magic mapping.
  2114 | D:2      | 2114 ||| Stepping randomly (stuck).
  2115 | D:2      | 2115 ||| Stepping ~*~*~tactically~*~*~ (cloud).
  2510 | D:3      | 2510 ||| Stepping ~*~*~tactically~*~*~ (stealth).
  2511 | D:3      | 2511 ||| Stepping ~*~*~tactically~*~*~ (stealth).
  2527 | D:3      | Found an opulent altar of Gozag.
  2742 | D:3      | 2742 ||| Stepping ~*~*~tactically~*~*~ (stealth).
  2744 | D:3      | 2744 ||| Stepping ~*~*~tactically~*~*~ (stealth).
  2854 | D:3      | Found Gaosao Denty's Antique Armour Shop.
  2996 | D:3      | 2996 ||| UPGRADING to +0 buckler.
  3001 | D:3      | 3001 ||| UPGRADING to +0 plate armour.
  3011 | D:3      | 3011 ||| DROPPING +0 ring mail.
  3012 | D:3      | 3012 ||| READING scroll of enchant armour.
  3012 | D:3      | 3012 ||| ENCHANTING +0 plate armour.
  3013 | D:3      | 3013 ||| DROPPING ring of flight.
  3014 | D:3      | 3014 ||| UPGRADING to ring of willpower.
  3015 | D:3      | 3015 ||| READING scroll labelled XEIPAA ONIE.
  3119 | D:4      | Noticed Menkaure
  3120 | D:4      | 3120 ||| Stepping ~*~*~tactically~*~*~ (hiding).
  3124 | D:4      | 3124 ||| INVOKING Berserk.
  3127 | D:4      | Killed Menkaure
  3128 | D:4      | Reached skill level 3 in Shields
  3128 | D:4      | Reached XP level 6. HP: 52/52 MP: 5/5
  3227 | D:4      | 3227 ||| Stepping ~*~*~tactically~*~*~ (stealth).
  3228 | D:4      | 3228 ||| Stepping ~*~*~tactically~*~*~ (stealth).
  3258 | D:4      | Reached skill level 3 in Armour
  3381 | D:4      | Found a shimmering blue altar of Sif Muna.
  3383 | D:4      | 3383 ||| INVOKING Berserk.
  3400 | D:4      | 3400 ||| FLEEEEING.
  3401 | D:4      | 3401 ||| FLEEEEING.
  3402 | D:4      | 3402 ||| FLEEEEING.
  3403 | D:4      | 3403 ||| FLEEEEING.
  3404 | D:4      | 3404 ||| FLEEEEING.
  3405 | D:4      | 3405 ||| FLEEEEING.
  3406 | D:4      | 3406 ||| FLEEEEING.
  3407 | D:4      | 3407 ||| FLEEEEING.
  3408 | D:4      | 3408 ||| FLEEEEING.
  3409 | D:4      | 3409 ||| STAIRDANCE
  3533 | D:4      | 3533 ||| DROPPING +0 whip.
  3593 | D:4      | 3593 ||| SWAPPING to +0 hand axe of flaming.
  3594 | D:4      | 3594 ||| DROPPING +0 flail.
  3595 | D:4      | 3595 ||| DROPPING +0 vorpal hand axe.
  3747 | D:4      | 3747 ||| Stepping ~*~*~tactically~*~*~ (stealth).
  3748 | D:4      | 3748 ||| Stepping ~*~*~tactically~*~*~ (stealth).
  3756 | D:4      | 3756 ||| Stepping ~*~*~tactically~*~*~ (stealth).
  3813 | D:4      | Found a sacrificial altar of Ru.
  4085 | D:4      | Found a shadowy altar of Dithmenos.
  4091 | D:4      | 4091 ||| UPGRADING to +0 pair of gloves.
  4147 | D:5      | Entered Level 5 of the Dungeon
  4216 | D:5      | Reached skill level 8 in Axes
  4220 | D:5      | 4220 ||| INVOKING Berserk.
  4223 | D:5      | Reached XP level 7. HP: 23/59 MP: 6/6
  4223 | D:5      | HP: 22/88 [poisoned by a scorpion]
  4224 | D:5      | HP: 10/88 [iguana (11)]
  4227 | D:5      | Slain by an iguana

Levels and vault maps discovered:
D:1:      giann_bridges, layout_basic, shapermc_ecumenical_altar_mp_highgroup
D:2:      layout_loops_ring, minmay_tromino_v4_c, uniq_natasha
D:3:      layout_loops_cross, grunt_gozag_breadcrumbs, serial_shops,
          nicolae_shop_hallway_stairs, grunt_ministairs_3,
          chequers_serial_rivers_micro_c, hangedman_decor_clover_reticule,
          kennysheep_generic_room_4
D:4:      layout_loops_ring, mainiacjoe_overflow_chevrons,
          nicolae_overflow_hidden_temple, nicolae_ru_awakened_eye, uniq_menkaure
D:5:      layout_basic, lemuel_crystal_altar, temple_green,
          minmay_chambers_of_fives, uniq_crazy_yiuf_cottage, uniq_grinder

Skill      XL: |  1  2  3  4  5  6 |
---------------+-------------------+-----
Axes           | 4 5 6 7 8 |  8.8
Fighting       | 4 |  4.0
Shields        | 3 |  3.7
Armour         | 3 |  3.0
Dodging        | |  2.1

Action                   |  1- 3 |  4- 6 |  7- 9 || total
-------------------------+-------+-------+-------++-------
Melee: Hand axe          |    62 |   119 |     5 ||   186
       Headbutt          |     8 |    16 |       ||    24
Invok: Berserk           |     2 |     4 |       ||     6
  Use: Scroll            |     4 |     5 |       ||     9
       Potion            |     2 |     1 |       ||     3
Armor: Animal skin       |     9 |       |       ||     9
       Ring mail         |     6 |     7 |       ||    13
       Plate armour      |       |    40 |       ||    40
Dodge: Dodged            |    34 |    25 |       ||    59
Block: Buckler           |       |     8 |       ||     8

Table legend:
 A = Non-vault XP
 B = Vault XP
 C = Vault XP percentage of total XP
 D = Non-vault monster count
 E = Vault monster count
 F = Vault count percentage of total count
                 A         B        C        D         E       F
            +---------+---------+-------+---------+---------+-------
      Total |     389 |     474 |  54.9 |      64 |      11 |  14.7
            +---------+---------+-------+---------+---------+-------
        D:1 |      38 |       0 |   0.0 |      14 |       0 |   0.0
        D:2 |     127 |      51 |  28.7 |      17 |       3 |  15.0
        D:3 |      26 |       4 |  13.3 |       7 |       3 |  30.0
        D:4 |     195 |     169 |  46.4 |      25 |       1 |   3.8
        D:5 |       3 |     250 |  98.8 |       1 |       4 |  80.0
            +---------+---------+-------+---------+---------+-------
